Unix NetHack Version 5.0.0-0 post-release - last build May 31 2026 23:59:36 (970b52f25bf058293b47ddfd14a1e40e571c508c,branch:main).

Game began 2026-06-05 03:38:13, ended 2026-06-05 03:47:02.

IanCurtis, chaotic male elven Wizard

               ..
                ..
                 ....
                 -..=-
                 |..)|
                  ...---
                  --)..--.
                   |..*.@G..
                   |.....G<.
                   ---.....-

IanCurtis the Conjurer    St:10 Dx:10 Co:16 In:17 Wi:12 Ch:10  Chaotic
Dlvl:5  $:77 HP:0(29) Pw:24(52) AC:9  Xp:4 T:1066 

Latest messages:
 You kill the gnome!
 N - a partly used candle (lit).
 The gnome shoots an arrow!
 You are hit by an arrow.
 In what direction? k
 The spell misses the gnome.
 The spell hits the gnome!
 You kill the gnome!
 You kill the gnome!
 The dwarf throws a dagger!
 The dagger hits the dwarf.
 In what direction? k
 The spell hits the dwarf!
 You kill the dwarf!
 The spell hits the dwarf!
 You kill the dwarf!
 Welcome to experience level 4.
 You feel awake!
 The gnome throws a dart!
 You are hit by a dart.
 O - a partly used candle (lit).
 The gnome throws a dart!
 You are almost hit by a dart.
 In what direction? k
 The spell hits the gnome!
 You kill the gnome!
 The gnome shoots an arrow!
 You are hit by an arrow.
 P - a scroll labeled KIRJE.
 The gnome shoots an arrow!
 You are hit by an arrow!
 In what direction? y
 The spell hits the gnome!
 You kill the gnome!
 What do you want to use or apply? [ck-pBEFKNO or ?*] ?
 You snuff out your candle.
 What do you want to use or apply? [ck-pBEFKNO or ?*] O
 You snuff out your candle.
 You see here 7 rocks.
 A rothe suddenly appears!
 A rothe suddenly appears!
 You fall into a pit!
 You are still in a pit.
 The gnome lord hits!
 In what direction? l
 The spell hits the gnome lord!
 The gnome lord hits!
 The gnome hits!
 You die...
 Do you want your possessions identified? [ynq] (y) q

Inventory:
 Coins    ('$')
  $ - 77 gold pieces
 Weapons  (')')
  a - a blessed +1 quarterstaff (weapon in hands)
 Armor    ('[')
  b - an uncursed +0 cloak of magic resistance (being worn)
 Comestibles  ('%')
  r - 3 uncursed cram rations
  D - an uncursed food ration
  B - an uncursed lump of royal jelly
  q - 2 uncursed lichen corpses
 Scrolls  ('?')
  j - a blessed scroll of blank paper
  P - an uncursed scroll of confuse monster
  s - a blessed scroll of create monster
  J - an uncursed scroll of destroy armor
  i - a blessed scroll of remove curse
  v - an uncursed scroll of remove curse
  L - an uncursed scroll of scare monster
 Spellbooks  ('+')
  E - an uncursed spellbook of blank paper
  m - an uncursed spellbook of create monster
  F - an uncursed spellbook of detect food
  l - a blessed spellbook of force bolt
  K - an uncursed spellbook of wizard lock
 Potions  ('!')
  M - a cursed potion of blindness
  h - an uncursed potion of booze
  C - an uncursed potion of enlightenment
  f - an uncursed potion of full healing
  u - an uncursed potion of gain energy
  w - 2 uncursed potions of healing
  g - an uncursed potion of sleeping
  t - an uncursed potion of speed
 Rings    ('=')
  e - an uncursed ring of cold resistance
  G - an uncursed +3 ring of protection
  d - an uncursed ring of searching
 Wands    ('/')
  c - a wand of light (0:12)
 Tools    ('(')
  p - an uncursed bugle
  o - an uncursed blindfold
  n - a magic marker (0:20)
  k - an uncursed skeleton key
  N - an uncursed partly used tallow candle
  O - an uncursed partly used wax candle

IanCurtis the Wizard's attributes:

Background:
 You were a Conjurer, a level 4 male elven Wizard.
 You were chaotic, on a mission for Anhur
 who was opposed by Ptah (lawful) and Thoth (neutral).
 You were right-handed.
 You were in the Gnomish Mines, on level 5.
 You entered the dungeon 1066 turns ago.
 It was nighttime.
 You had 103 experience points, 57 more were needed to attain level 5.

Basics:
 You had 0 out of 29 hit points.
 You had 24 out of 52 energy points (spell power).
 Your armor class was 9.
 Your wallet contained 77 zorkmids.
 Autopickup was off.

Final Characteristics:
 Your strength was 10 (limit:18).
 Your dexterity was 10 (limit:18).
 Your constitution was 16 (limit:16).
 Your intelligence was 17 (limit:20).
 Your wisdom was 12 (limit:20).
 Your charisma was 10 (limit:18).

Final Status:
 You were trapped in a pit.
 You weren't hungry.
 You were unencumbered.
 You were wielding a quarterstaff.
 You had basic skill with quarterstaff.

Final Attributes:
 You were devoutly aligned.
 You were magic-protected.
 You were sleep resistant.
 You had infravision.
 You were warded.
 You are dead.

Miscellaneous:
 You didn't encounter any bones levels.
 Total elapsed playing time was 8 minutes and 49 seconds.

Major events:
 Turn
    1: IanCurtis the chaotic male elven Wizard entered the dungeon
  944: attained the rank of Conjurer (level 3)
 1030: entered the Gnomish Mines
 1066: killed by a gnome

Spells:
 Name                 Level Category     Fail Retention
 force bolt             1   attack         0%  91%-100%
 create monster         2   clerical      52%  76%-100%
 detect food            2   divination    52%  76%-100%
 wizard lock            2   matter        52%  76%-100%

Skills:
 Fighting Skills
   bare handed combat [Unskilled]
   riding             [Unskilled]
 Weapon Skills
   dagger             [Unskilled]
   knife              [Unskilled]
   axe                [Unskilled]
   short sword        [Unskilled]
   club               [Unskilled]
   mace               [Unskilled]
   quarterstaff       [Basic]
   polearms           [Unskilled]
   spear              [Unskilled]
   trident            [Unskilled]
   sling              [Unskilled]
   dart               [Unskilled]
   shuriken           [Unskilled]
 Spellcasting Skills
   attack spells      [Basic]
   healing spells     [Unskilled]
   divination spells  [Unskilled]
   enchantment spells [Basic]
   clerical spells    [Unskilled]
   escape spells      [Unskilled]
   matter spells      [Unskilled]

Voluntary challenges:
 Character rerolling was not enabled.
 You never genocided any monsters.
 You never polymorphed an object.
 You never changed form.
 You used no wishes.
Achievements:
 You entered a shop.
 You attained the rank of Conjurer.
 You entered the Gnomish Mines.

 The Dungeons of Doom: levels 1 to 4
    Level 1:
       A fountain.
    Level 2:
       A vegetarian food shop, some fountains, a grave.
    Level 3:
    Level 4:
       An altar, a sink.
       Stairs down to The Gnomish Mines.
 The Gnomish Mines:
    Level 5: <- You were here.
       Final resting place for
          you, killed by a gnome.


Vanquished creatures:
  a water nymph
  2 dwarves
  6 gnomes
  a gnome zombie
  2 kobolds
  3 grid bugs
  a bat
  2 lichens
  3 newts
21 creatures vanquished.

No species were genocided or became extinct.

Game over:
                       ----------
                      /          \
                     /    REST    \
                    /      IN      \
                   /     PEACE      \
                  /                  \
                  |    IanCurtis     |
                  |      77 Au       |
                  |   killed by a    |
                  |      gnome       |
                  |                  |
                  |                  |
                  |       2026       |
                 *|     *  *  *      | *
        _________)/\\_//(\/(/\)/\//\/|_)_______

Goodbye IanCurtis the Wizard...

You died in The Gnomish Mines on dungeon level 5 with 682 points,
and 77 pieces of gold, after 1066 moves.
You were level 4 with a maximum of 29 hit points when you died.

